 Dungeon Crawl Stone Soup version 0.31.0-12-g77e489cdc1 (webtiles) character file.

Game seed: 4900905838073922303

12731 Silvore the Severer (level 11, -3/101 HPs)
             Began as a Minotaur Fighter on Feb 17, 2024.
             Was a High Priest of Okawaru.
             Slain by Fannar
             ... wielding a +0 quarterstaff of freezing
              (10 damage)
             ... on level 12 of the Dungeon.
             The game lasted 00:14:47 (10805 turns).

Silvore the Severer (Minotaur Fighter)             Turns: 10805, Time: 00:14:47

Health: -3/101     AC: 19    Str: 30    XL:     11   Next: 66%
Magic:  10/10      EV: 11    Int:  5    God:    Okawaru [*****.]
Gold:   1685       SH:  5    Dex:  9    Spells: 10/10 levels left

rFire   + . .        o - +3 war axe (vamp)
rCold   x . .        c - +0 buckler
rNeg    + + .        I - +0 pearl dragon scales
rPois   .            (helmet restricted)
rElec   .            E - +0 cloak
rCorr   +            D - +0 pair of gloves
SInv    .            q - +0 pair of boots "Kiovatos" {rN+}
Will    .....        l - amulet of regeneration Stlth
                     n - ring of flight
HPRegen 1.16/turn    y - ring of Ruirer {Fire rCorr Str+4}
MPRegen 0.12/turn

%: no passive effects
@: mighty, flying
A: horns 2, retaliatory headbutt
a: Renounce Religion, Heroism, Finesse, Duel


You were on level 12 of the Dungeon.
You worshipped Okawaru.
Okawaru was extremely pleased with you.
You visited 2 branches of the dungeon, and saw 13 of its levels.
You also visited: Sewer.

You collected 1685 gold pieces.

Inventory:

Hand Weapons
 a - a +0 war axe
 o - a +3 vampiric war axe (weapon)
 P - the +6 rapier of Checkmate {speed, Str+4 Dex+3}
   (You found it on level 11 of the Dungeon)

   Str+4:     It affects your strength (+4).
   Dex+3:     It affects your dexterity (+3).
Armour
 b - a +0 scale mail
 c - a +0 buckler (worn)
 i - a +1 chain mail
 q - the +0 pair of boots "Kiovatos" (worn) {rN+}
   (You found it in a sewer)

   rN+:       It protects you from negative energy.
 D - a +0 pair of gloves (worn)
 E - a +0 cloak (worn)
 I - +0 pearl dragon scales (worn)
Jewellery
 e - a ring of wizardry
 l - an amulet of regeneration (around neck)
 n - a ring of flight (left hand)
 u - a ring of willpower
 w - a ring of poison resistance
 y - the ring of Ruirer (right hand) {Fire rCorr Str+4}
   (You found it on level 7 of the Dungeon)

   [ring of fire]

   Fire:      It enhances your fire magic.
   Str+4:     It affects your strength (+4).
   rF+:       It protects you from fire.
   rC-:       It makes you vulnerable to cold.
   rCorr:     It protects you from acid and corrosion.
 K - a +6 ring of intelligence
 L - a +4 ring of protection
Wands
 r - a wand of mindburst (29)
 x - a wand of acid (9)
 F - a wand of iceblast (8)
 M - a wand of flame (11)
Scrolls
 k - 3 scrolls of vulnerability
 v - 2 scrolls of fog
 B - 2 scrolls of revelation
 C - a scroll of amnesia
 G - 2 scrolls of silence
 H - a scroll of poison
 J - a scroll of noise
Potions
 d - 2 potions of might
 f - a potion of lignification
 g - 2 potions of cancellation
 h - a potion of curing
 j - 4 potions of brilliance
 m - 3 potions of magic
 p - 3 potions of haste
 s - 3 potions of mutation
 t - 3 potions of invisibility
 z - a potion of resistance
 A - a potion of enlightenment
 O - a potion of ambrosia {unknown}


   Skills:
 + Level 10.3 Fighting
 + Level 15.0 Axes
 + Level 11.5 Armour
 + Level 4.8 Dodging
 + Level 1.6 Stealth
 + Level 6.8 Shields


You had 10 spell levels left.
You didn't know any spells.
Your spell library contained the following spells:

 Spells                   Type           Power      Damage    Failure   Level
 Ensorcelled Hibernation  Hex/Ice        0%         N/A       88%         2
 Scorch                   Fire           0%         2d5       88%         2
 Passwall                 Erth           0%         N/A       98%         3
 Swiftness                Air            0%         N/A       98%         3
 Flame Wave               Conj/Fire      0%         2d4       100%        4
 Ignite Poison            Fire/Alch      0%         N/A       100%        4
 Sticky Flame             Fire/Alch      0%         2d4       100%        4
 Orb of Destruction       Conj           0%         9d5       100%        7
 Ignition                 Fire           0%         3d3       100%        8
 Summon Blazeheart Golem  Fire/Summ      Unusable   N/A       N/A         4
 Summon Cactus Giant      Summ           Unusable   N/A       N/A         6
 Spellforged Servitor     Conj/Summ      Unusable   N/A       N/A         7

Dungeon Overview and Level Annotations

Branches:
Dungeon (12/15)            Temple (1/1) D:4            Lair (0/5) D:10
    Orc (0/2) D:9           Sewer (visited)

Altars:
Ashenzari
Cheibriados
Dithmenos
Elyvilon
Fedhas
Gozag
Hepliaklqana
Kikubaaqudgha
Makhleb
Nemelex Xobeh
Okawaru
Qazlal
Ru
Sif Muna
Trog
Uskayaw
Vehumet
Wu Jian
Xom
Yredelemnul
Zin
The Shining One

Shops:
D:3 [   D:4 =   D:8 (   D:9 (

Annotations:
D:3 1 runed translucent door, zeteo's ghost, amateur MiFi
D:5 2 transporters
D:6 2 runed translucent doors, Aneyh's ghost, novice TeMo
D:12 Fannar


Innate Abilities, Weirdness & Mutations

You have a pair of horns on your head.
You reflexively headbutt those who attack you in melee.


Message History

The liquid fire burns you!
There is a stone staircase leading down here.
You are on fire!
You are on fire!
You are on fire!
You are on fire!
You shake off some of the fire as you move.
The liquid fire burns you!
You shake off the liquid fire.
There is a stone staircase leading down here.
You start resting.
HP restored.
You fly downwards.
Level annotation: Fannar
There is a stone staircase leading up here.
Fannar gestures wildly while chanting.
You slash Fannar! You headbutt Fannar!
Fannar is moderately wounded.
You barely miss Fannar.
Fannar is moderately wounded.
Fannar hits you with a +0 quarterstaff of freezing.
Fannar freezes you.
You slash Fannar! You headbutt Fannar!
Fannar is severely wounded.
You slash the ice beast!
The ice beast is heavily wounded.
Fannar points at you and mumbles some strange words.
The bolt of cold hits the ice beast.
The ice beast completely resists.
The bolt of cold hits you!!!
You feel a terrible chill!
Ouch! That really hurt!
You slice the ice beast!!
You kill the ice beast!
The ice beast disappears in a puff of smoke!
Fannar gestures wildly while chanting.
Fannar drains the heat from the surrounding environment!
You feel a terrible chill!
* * * LOW HITPOINT WARNING * * *
You feel very mighty all of a sudden.
Fannar hits you with a +0 quarterstaff of freezing!
You die...

##########
#........#
#@#####..#
#e# ##...##
#.###.....#
........<##
#.###.......#
#.# ###..##.#
#.. ...# ..
#.# ##..# ##
...#


You could see Fannar.

Vanquished Creatures
  The ghost of M1RAB1L1S the Fighter, a novice DgFi (D:7)
  4 two-headed ogres
  Urug (D:11)
  An ugly thing (D:11)
  A shadow (D:11)
  5 yaks (D:10)
  A wraith (D:11)
  A wyvern (D:9)
  A steam dragon (D:8)
  3 acid dragons
  5 water moccasins
  A swamp drake (D:9)
  8 orc warriors
  5 ice beasts
  5 black bears
  4 ogres
  2 sky beasts
  A phantom (D:5)
  8 centaurs
  2 kobold brigands
  4 bullfrogs
  3 scorpions
  15 wights
  27 killer bees
  A bombardier beetle (D:5)
  3 jellies
  11 orc priests
  4 hounds
  A sleepcap (D:6)
  4 iguanas
  10 orc wizards
  A bullfrog simulacrum (D:7)
  A centaur simulacrum (D:7)
  8 adders
  2 river rats (Sewer)
  4 gnolls (D:4)
  A shadow imp (D:7)
  5 white imps
  4 dart slugs
  4 ribbon worms
  42 orcs
  13 ball pythons
  9 endoplasms
  4 giant cockroaches
  9 hobgoblins
  5 jackals
  3 quokkas
  5 bats
  7 frilled lizards
  7 goblins
  19 kobolds
  23 rats
319 creatures vanquished.

Vanquished Creatures (others)
  An orc wizard (D:6)
1 creature vanquished.

Grand Total: 320 creatures vanquished

Notes
Turn   | Place    | Note
-------+----------+-------------------------------------------
     0 | D:1      | Silvore the Minotaur Fighter began the quest for the Orb.
     0 | D:1      | Reached XP level 1. HP: 19/19 MP: 0/0
   168 | D:1      | Reached XP level 2. HP: 27/27 MP: 1/1
   474 | D:1      | Reached skill level 3 in Axes
   519 | D:1      | Reached XP level 3. HP: 33/33 MP: 2/2
  1009 | D:2      | Found a faded altar of an unknown god.
  1427 | D:3      | Noticed zeteo's ghost (amateur MiFi)
  1428 | D:3      | Found a runed translucent door.
  1444 | D:3      | Found a sacrificial altar of Ru.
  1453 | D:3      | Reached XP level 4. HP: 41/41 MP: 3/3
  1704 | D:3      | Found Hiavvyfo's Armour Shoppe.
  1737 | D:3      | Noticed a scorpion
  1742 | D:3      | Killed a scorpion
  1743 | D:3      | Reached skill level 4 in Axes
  1743 | D:3      | Reached XP level 5. HP: 47/47 MP: 4/4
  1880 | D:3      | Reached skill level 1 in Dodging
  2367 | D:4      | Reached skill level 5 in Axes
  2370 | D:4      | Found a blossoming altar of Fedhas.
  2373 | D:4      | Found a hide-covered altar of Uskayaw.
  2375 | D:4      | Found a shimmering altar of Xom.
  2387 | D:4      | Found a hazy altar of Hepliaklqana.
  2397 | D:4      | Reached XP level 6. HP: 51/53 MP: 5/5
  2457 | D:4      | Found a glowing drain.
  2461 | Sewer    | Entered a sewer
  2504 | Sewer    | Reached skill level 5 in Armour
  2641 | Sewer    | Identified the +0 pair of boots "Kiovatos" {rN+}
  2974 | D:4      | Found Ugurab's Jewellery Boutique.
  3047 | D:4      | Reached skill level 5 in Fighting
  3054 | D:4      | Reached skill level 6 in Axes
  3116 | D:4      | Reached XP level 7. HP: 61/61 MP: 6/6
  3178 | D:4      | Found a staircase to the Ecumenical Temple.
  3843 | Temple   | Entered the Ecumenical Temple
  3861 | Temple   | Became a worshipper of Warmaster Okawaru
  3893 | D:5      | Entered Level 5 of the Dungeon
  4149 | D:5      | Reached skill level 7 in Axes
  4149 | D:5      | Reached skill level 1 in Stealth
  4371 | D:5      | Reached XP level 8. HP: 63/70 MP: 7/7
  4435 | D:5      | Reached skill level 8 in Axes
  4477 | D:5      | Reached * piety under Okawaru
  4670 | D:5      | Reached skill level 5 in Shields
  4760 | D:5      | Found a transporter.
  4772 | D:5      | Found a transporter.
  4895 | D:6      | Found a runed translucent door.
  4900 | D:6      | Noticed Aneyh's ghost (novice TeMo)
  5015 | D:6      | Reached skill level 9 in Axes
  5269 | D:6      | Reached ** piety under Okawaru
  5619 | D:6      | Found a runed translucent door.
  5766 | D:7      | Reached skill level 10 in Axes
  5766 | D:7      | Reached XP level 9. HP: 78/78 MP: 8/8
  6079 | D:7      | You are sucked into a shaft and drop 3 floors!
  6079 | D:10     | Entered Level 10 of the Dungeon
  6126 | D:9      | Reached skill level 11 in Axes
  6280 | D:9      | Reached *** piety under Okawaru
  6384 | D:9      | Noticed a two-headed ogre
  6579 | D:8      | Found Pesaefadd's Weapon Shoppe.
  6629 | D:8      | Reached skill level 12 in Axes
  6629 | D:8      | Reached XP level 10. HP: 87/88 MP: 9/9
  6933 | D:7      | Found a runed translucent gate.
  6933 | D:7      | Found a runed translucent gate.
  6933 | D:7      | Found a runed translucent gate.
  6971 | D:7      | Noticed M1RAB1L1S's ghost (novice DgFi)
  6984 | D:7      | Killed M1RAB1L1S's ghost
  6984 | D:7      | Reached **** piety under Okawaru
  6999 | D:7      | Got the ring of Ruirer {Fire rCorr Str+4}
  7480 | D:8      | Reached skill level 10 in Armour
  7940 | D:9      | Killed a two-headed ogre
  7941 | D:9      | Reached skill level 13 in Axes
  8105 | D:9      | Found a staircase to the Orcish Mines.
  8109 | D:9      | Noticed a two-headed ogre
  8128 | D:9      | Killed a two-headed ogre
  8128 | D:9      | Reached ***** piety under Okawaru
  8395 | D:9      | Reached XP level 11. HP: 91/97 MP: 10/10
  8607 | D:9      | Found Caizumeg's Weapon Emporium.
  8768 | D:10     | Found a snail-covered altar of Cheibriados.
  8770 | D:10     | Found a radiant altar of Vehumet.
  8833 | D:10     | Found an ancient bone altar of Kikubaaqudgha.
  8843 | D:10     | Found a shadowy altar of Dithmenos.
  8848 | D:10     | Found a glowing silver altar of Zin.
  8855 | D:10     | Found a glowing golden altar of the Shining One.
  8861 | D:10     | Found a sparkling altar of Nemelex Xobeh.
  8880 | D:10     | Found a white marble altar of Elyvilon.
  8885 | D:10     | Found a shimmering blue altar of Sif Muna.
  9133 | D:10     | Found a staircase to the Lair.
  9228 | D:10     | Reached skill level 14 in Axes
  9432 | D:10     | Found a bloodstained altar of Trog.
  9645 | D:11     | Noticed a cyan ugly thing
  9652 | D:11     | Killed a cyan ugly thing
  9765 | D:11     | Identified the +2 leather armour of Time Monsters {Regen+}
  9858 | D:11     | Noticed Urug
  9877 | D:11     | Killed Urug
  9877 | D:11     | Received a gift from Okawaru
 10076 | D:11     | Noticed a two-headed ogre
 10082 | D:11     | Killed a two-headed ogre
 10083 | D:11     | Reached skill level 10 in Fighting
 10453 | D:11     | Noticed a two-headed ogre
 10465 | D:11     | Killed a two-headed ogre
 10510 | D:11     | Identified the +6 rapier of Checkmate {speed, Str+4 Dex+3}
 10512 | D:11     | Identified a scroll of acquirement
 10512 | D:11     | Acquired 960 gold pieces
 10582 | D:11     | Reached skill level 15 in Axes
 10747 | D:12     | Noticed Fannar
 10747 | D:12     | Noticed a deep elf pyromancer
 10805 | D:12     | Slain by Fannar

Illustrated notes

Levels and vault maps discovered:
D:1:      dpeg_arrival_circle_labyrinth_a, layout_basic
D:2:      layout_basic, serial_forest, infiniplex_forest_lined_ring,
          infiniplex_forest_clump_double, infiniplex_forest_fountain,
          infiniplex_forest_end_3, infiniplex_forest_corner_2,
          infiniplex_forest_clump_small, infiniplex_forest_clump_curved,
          infiniplex_forest_straight_2, infiniplex_forest_straight_4,
          ebering_ecumenical_altar_webs
D:3:      layout_loops_ring, nicolae_ru_great_annihilating_truth, serial_shops,
          shop, gammafunk_ghost_grave, chequers_serial_rivers_micro_c
D:4:      layout_layer_cave, nicolae_overflow_quartered_altars,
          minmay_temple_entry_statues_fountains,
          mainiacjoe_sewer_entry_somewhere_in_here_2, kennysheep_crisscross,
          dreamdust_princess_corridor, nicolae_stop_n_shop_1
D:5:      gammafunk_steamed_eel, layout_loops_corners, serial_glass,
          glass_columns_a, glass_columns_a, item_on_display_a, feat_on_display,
          item_on_display_a, minmay_misc_feat_iff
D:6:      layout_gridville, ebering_ghost_sewer_f
D:7:      layout_basic, gammafunk_ghost_icy
D:8:      layout_loops_ring, serial_shops, nicolae_shop_tiny_real_fake_doors,
          hangedman_abyss_or_decor_lesser_grid
D:9:      layout_small_grid, erik_orc_1, serial_shops, shop, st_stairs_10
D:10:     layout_long_grid, grunt_temple_overflow_octagram,
          nicolae_overflow_hidden_temple, lightli_temple_of_fire,
          due_lair_maze_entry_diamond, serial_glass, glass_columns_a,
          glass_columns_a, glass_columns_a
D:11:     layout_long_grid, uniq_urug
D:12:     layout_loops_corners, serial_shops, shop, uniq_azrael, uniq_psyche,
          uniq_fannar
Temple:   nicolae_temple_great_sept

Skill      XL: |  1  2  3  4  5  6  7  8  9 10 11 |
---------------+----------------------------------+-----
Armour         | 4 5 6 7 9 10 11 | 11.5
Shields        | 4 5 6 |  6.8
Axes           | 3 4 5 6 7 10 12 13 15 | 15.0
Fighting       | 4 5 6 8 9 10 | 10.3
Dodging        | 1 2 3 4 |  4.8
Stealth        | 1 |  1.6

Action                     |  1- 3 |  4- 6 |  7- 9 | 10-12 || total
---------------------------+-------+-------+-------+-------++-------
  Melee: War axe           |    98 |   181 |   244 |   325 ||   848
         Headbutt          |    13 |    24 |    35 |    58 ||   130
    Use: Scroll            |     6 |     5 |     4 |    10 ||    25
         Potion            |       |     2 |     6 |     3 ||    11
   Stab: Paralysed         |       |     2 |       |       ||     2
 Armour: Scale mail        |    38 |       |       |       ||    38
         Chain mail        |    40 |   136 |   211 |   138 ||   525
         Pearl dragon scal |       |       |       |    96 ||    96
  Dodge: Dodged            |    51 |    82 |    94 |   151 ||   378
  Block: Buckler           |    25 |    36 |    41 |    65 ||   167
